 Dungeon Sprint DCSS version 0.18-a0-124-g4fdfa27 (webtiles) character file.

656 Kidiri the Covert (level 7, -37/35 (36) HPs)
             Began as a Spriggan Enchanter on Nov 20, 2015.
             Annihilated by a boulder beetle (38 damage)
             ... in the Dungeon (Sprint II: "The Violet Keep of Menkaure").
             The game lasted 00:05:27 (782 turns).

Kidiri the Covert (Spriggan Enchanter)               Turns: 782, Time: 00:05:27

HP:   -37/35 (36)   AC:  3    Str:  4    XL:     7   Next: 29%
MP:   8/19          EV: 26    Int: 17    God:
Gold: 729           SH:  0    Dex: 18    Spells: 5 memorised, 10 levels left

rFire  . . .     SeeInvis +     a - +1 dagger
rCold  . . .     Clarity  .     b - +1 robe
rNeg   . . .     SustAt   .     (shield restricted)
rPois  .         Gourm    .     (helmet restricted)
rElec  .         Spirit   .     (no cloak)
rCorr  .         Warding  .     (gloves unavailable)
rMut   .         NoTele   +     (boots unavailable)
MR     +....                    (no amulet)
Stlth  ++++++....               (no ring)
                                (no ring)

@: very quick, somewhat resistant to hostile enchantments, very stealthy
A: unfitting armour, see invisible, herbivore 3, speed 3, slow metabolism 2
a: no special abilities


You were in the Dungeon.
You were not hungry.

You visited 1 branch You collected 729 gold pieces.

Inventory:

Hand Weapons
 a - a +1 dagger (weapon)
Armour
 b - a +1 robe (worn)
Scrolls
 j - a scroll of blinking
Potions
 g - a potion of haste
Books
 c - a book of Maledictions

   Spells                             Type                      Level
   a - Corona                         Hexes                        1
   b - Ensorcelled Hibernation        Hexes/Ice                    2
   c - Confuse                        Hexes                        3
   d - Tukima's Dance                 Hexes                        3
   e - Dazzling Spray                 Conjuration/Hexes            3
Comestibles
 d - a bread ration


   Skills:
 + Level 3.5 Fighting
 * Level 7.1 Short Blades
 + Level 3.1 Armour
 * Level 9.6 Dodging
 * Level 10.9 Stealth
 * Level 8.1 Spellcasting
 + Level 1.7 Conjurations
 + Level 6.4 Hexes
 + Level 3.3 Ice Magic


You had 10 spell levels left.
You knew the following spells:

 Your Spells              Type           Power        Failure   Level  Hunger
a - Corona                Hex            ####...      1%          1    None
b - Ensorcelled Hibernat  Hex/Ice        ###...       2%          2    None
c - Confuse               Hex            ####....     1%          3    #......
d - Tukima's Dance        Hex            ####....     1%          3    #......
e - Dazzling Spray        Conj/Hex       ###.....     8%          3    #......


Dungeon Overview and Level Annotations

Branches:
Dungeon (1/1)

Altars:


Innate Abilities, Weirdness & Mutations

You are tiny and cannot use many weapons and most armour.
You have supernaturally acute eyesight.
You are a herbivore.
You cover ground extremely quickly.
You need consume almost no food.


Message History

The boulder beetle is lightly wounded.
The boulder beetle is dazzled.
The boulder beetle hits a rock wall.
The boulder beetle stops rolling.
There is a staircase leading out of the dungeon here.
You hit the boulder beetle but do no damage.
The boulder beetle is lightly wounded.
The boulder beetle completely misses you.
You hit the boulder beetle but do no damage.
The boulder beetle is lightly wounded.
You hit the boulder beetle but do no damage.
The boulder beetle is lightly wounded.
The boulder beetle misses you.
You hit the boulder beetle but do no damage.
The boulder beetle is lightly wounded.
The boulder beetle is no longer blind.
The boulder beetle bites you!!
Ouch! That really hurt!
* * * LOW HITPOINT WARNING * * *
The boulder beetle bites you!!!
Ouch! That really hurt!
You die...

##+## ##...##
#..#..#
####.#.####
##.###'###.#
#.#.##.##.###
+###'B<@'##.+
#.#.##B##...#
##.###'###.##
####.#.####
#..#..#
##$#.## ##+##


You could see 2 boulder beetles.

Vanquished Creatures
  2 hippogriffs (D)
  4 necrophages (D)
  3 worms (D)
9 creatures vanquished.

Notes
Turn   | Place    | Note
--------------------------------------------------------------
     0 | D        | Kidiri the Spriggan Enchanter began the quest for the Orb.
     0 | D        | Reached XP level 1. HP: 9/9 MP: 5/5
     1 | D        | Noticed a boulder beetle
     1 | D        | Noticed a boulder beetle
    25 | D        | Reached skill level 5 in Stealth
   139 | D        | Reached XP level 2. HP: 14/14 MP: 7/7
   147 | D        | Learned a level 2 spell: Ensorcelled Hibernation
   155 | D        | Noticed a necrophage
   155 | D        | Noticed a necrophage
   155 | D        | Noticed a necrophage
   155 | D        | Noticed a necrophage
   165 | D        | Killed a necrophage
   165 | D        | Reached skill level 1 in Fighting
   165 | D        | Reached skill level 1 in Armour
   165 | D        | Reached skill level 6 in Dodging
   165 | D        | Reached skill level 7 in Stealth
   165 | D        | Reached skill level 5 in Spellcasting
   165 | D        | Reached skill level 1 in Ice Magic
   165 | D        | Reached XP level 3. HP: 18/18 MP: 6/10
   165 | D        | Reached XP level 4. HP: 22/23 MP: 7/12
   169 | D        | Killed a necrophage
   169 | D        | Reached skill level 8 in Stealth
   169 | D        | Reached skill level 5 in Hexes
   169 | D        | Reached XP level 5. HP: 25/26 MP: 9/14
   202 | D        | Killed a necrophage
   202 | D        | Reached skill level 5 in Short Blades
   202 | D        | Reached skill level 9 in Stealth
   202 | D        | Reached XP level 6. HP: 11/31 MP: 10/16
   229 | D        | Learned a level 3 spell: Dazzling Spray
   533 | D        | Learned a level 3 spell: Confuse
   537 | D        | Learned a level 3 spell: Tukima's Dance
   542 | D        | Noticed a hippogriff
   542 | D        | Noticed a hippogriff
   554 | D        | Killed a hippogriff
   554 | D        | Reached skill level 10 in Stealth
   554 | D        | Reached skill level 1 in Conjurations
   556 | D        | Killed a hippogriff
   556 | D        | Reached XP level 7. HP: 13/35 MP: 2/19
   781 | D        | HP: 1/35 [boulder beetle (34)]
   782 | D        | Annihilated by a boulder beetle

Vault maps used:
D:        the_violet_keep_of_menkaure

Action                   |  1- 3 |  4- 6 |  7- 9 || total
-------------------------+-------+-------+-------++-------
Melee: Dagger            |    25 |    33 |     4 ||    62
 Cast: Corona            |     3 |     3 |       ||     6
       Dazzling Spray    |       |    12 |     1 ||    13
       Ensorcelled Hiber |       |     8 |     5 ||    13
  Use: Potion            |     1 |     4 |       ||     5
 Stab: Sleeping          |     2 |     2 |       ||     4
